 Dungeon Crawl Stone Soup version 0.26-b1-32-g5d43845318 (webtiles) character file.

Game seed: 2865446001821810895

627 Borgoz the Slasher (level 7, -5/58 HPs)
             Began as a Ghoul Gladiator on Jan 13, 2021.
             Was an Initiate of Ashenzari.
             Slain by a gnoll sergeant
             ... wielding a +0 spear
              (6 damage)
             ... on level 5 of the Dungeon.
             The game lasted 00:05:00 (4220 turns).

Borgoz the Slasher (Ghoul Gladiator)                Turns: 4220, Time: 00:05:01

Health: -5/58      AC:  7    Str: 18    XL:     7   Next: 48%
Magic:  6/6        EV: 15    Int:  3    God:    Ashenzari [......]
Gold:   274        SH:  0    Dex: 18    Spells: 6/6 levels left

rFire    . . .     SeeInvis .   a - +0 long sword
rCold    + . .     Faith    .   (no shield)
rNeg     + + +     Spirit   .   b - +0 leather armour
rPois    ∞         Reflect  .   c - +0 helmet
rElec    .         Harm     .   j - +2 cloak
rCorr    .         Rampage  .   (no gloves)
Will     .....                  (no boots)
Stlth    ..........             (no amulet)
HPRegen  0.00/turn              g - ring of attention (curse)
MPRegen  0.10/turn              n - +6 ring of dexterity

@: hasted, very quick
A: claws 1, cold resistance 1, negative energy resistance 3, inhibited
regeneration, torment resistance, unbreathing
a: Renounce Religion, Curse Item


You were on level 5 of the Dungeon.
You worshipped Ashenzari.
Ashenzari was noncommittal.
You visited 2 branches of the dungeon, and saw 6 of its levels.

You collected 274 gold pieces.

Inventory:

Hand Weapons
 a - a +0 long sword (weapon)
Armour
 b - a +0 leather armour (worn)
 c - a +0 helmet (worn)
 j - a +2 cloak (worn)
Jewellery
 g - a cursed ring of attention (left claw)
 n - a +6 ring of dexterity (right claw)
Wands
 m - a wand of disintegration (10)
Scrolls
 e - a scroll of enchant armour {unknown}
 k - 2 scrolls of magic mapping
 o - 3 scrolls of teleportation
 p - a scroll of fog
 q - a scroll of enchant weapon {unknown}
Potions
 h - a potion of brilliance
 l - a potion of resistance


   Skills:
 + Level 3.7 Fighting
 * Level 4.6 Long Blades
 - Level 1.7 Throwing
 * Level 3.5 Armour
 * Level 4.6 Dodging


You had 6 spell levels left.
You didn't know any spells.
Your spell library was empty.

Dungeon Overview and Level Annotations

Branches:
Dungeon (5/15)             Temple (1/1) D:4

Altars:
Ashenzari
Elyvilon
Fedhas
Gozag
Hepliaklqana
Kikubaaqudgha
Makhleb
Okawaru
Qazlal
Ru
Sif Muna
Trog
Uskayaw
Vehumet
Wu Jian
Xom
Zin
The Shining One

Shops:
D:5 }


Innate Abilities, Weirdness & Mutations

You thrive by killing the living.
You are immune to poison.
You have sharp fingernails.
Your flesh is cold resistant. (rC+)
You are immune to negative energy. (rN+++)
You do not regenerate when monsters are visible.
You are immune to unholy pain and torment.
You can survive without breathing.


Message History

Throw: throwing net
Press: ? - help, Q - select action, (/) - cycle Shift-Dir - straight line, f/p - gnoll sergeant
Aim: a gnoll sergeant, wielding a +0 spear, wearing a +0 scale mail and wearing a +0 kite shield You throw a throwing net.
The gnoll sergeant blocks the throwing net.
The gnoll misses you.
The gnoll sergeant hits you with a +0 spear.
* * * LOW HITPOINT WARNING * * *
You hit the gnoll but do no damage.
The gnoll is severely wounded.
The gnoll hits you but does no damage.
The gnoll sergeant completely misses you.
You slash the gnoll!
You kill the gnoll!
The gnoll sergeant hits you with a +0 spear!
* * * LOW HITPOINT WARNING * * *
Okay, then.
You feel yourself speed up.
The gnoll sergeant hits you with a +0 spear.
You die...

##...##....
#.................
##...............#
#....######.....
#...###### #...###
#..##......#.....
#..# ......#...#
#..# .......g..# ..
#..# #@..##...
##.## #........
#..## ##........
#...######.........
#..................
#######..........#.
##########.# .# .


You could see a gnoll sergeant.

Vanquished Creatures
  An ice beast (D:4)
  An ogre (D:4)
  Crazy Yiuf (D:2)
  A hound (D:4)
  An orc wizard (D:4)
  2 worker ants (D:4)
  Natasha (twice) (D:4)
  9 gnolls
  7 adders
  A white imp (D:5)
  2 oozes
  An adder skeleton (D:4)
  2 worms
  4 dart slugs
  3 leopard geckos
  11 orcs
  2 bats
  2 giant cockroaches
  2 goblins (D:2)
  9 hobgoblins
  5 jackals
  A quokka (D:3)
  2 ball pythons
  4 frilled lizards
  11 kobolds
  A quokka skeleton (D:4)
  2 rats
90 creatures vanquished.

Notes
Turn   | Place    | Note
-------+----------+-------------------------------------------
     0 | D:1      | Borgoz the Ghoul Gladiator began the quest for the Orb.
     0 | D:1      | Reached XP level 1. HP: 17/17 MP: 0/0
   109 | D:1      | Reached XP level 2. HP: 24/24 MP: 1/1
   385 | D:1      | Reached skill level 1 in Armour
   445 | D:1      | Reached XP level 3. HP: 24/30 MP: 2/2
   675 | D:2      | Found a hide-covered altar of Uskayaw.
   988 | D:2      | Found a runed translucent door.
   989 | D:2      | Noticed Crazy Yiuf
  1056 | D:2      | Reached XP level 4. HP: 27/37 MP: 3/3
  1140 | D:2      | Found an opulent altar of Gozag.
  1399 | D:2      | Found an ancient bone altar of Kikubaaqudgha.
  1511 | D:2      | Killed Crazy Yiuf
  1696 | D:3      | Reached XP level 5. HP: 31/44 MP: 4/4
  2193 | D:3      | Found a hazy altar of Hepliaklqana.
  2343 | D:4      | Noticed an ice beast
  2354 | D:4      | Killed an ice beast
  2365 | D:4      | Reached XP level 6. HP: 12/51 MP: 5/5
  2864 | D:4      | Found an iron altar of Okawaru.
  2961 | D:4      | Found a staircase to the Ecumenical Temple.
  3001 | Temple   | Entered the Ecumenical Temple
  3051 | Temple   | Became a worshipper of Ashenzari the Shackled
  3228 | D:4      | Noticed Natasha
  3233 | D:4      | Killed Natasha
  3274 | D:4      | Noticed Natasha
  3283 | D:4      | Killed Natasha
  3379 | D:4      | Reached XP level 7. HP: 39/57 MP: 6/6
  3628 | D:4      | Found a white marble altar of Elyvilon.
  3911 | D:5      | Entered Level 5 of the Dungeon
  3932 | D:5      | Found Dupis's Gadget Emporium.
  4219 | D:5      | HP: 1/58 [gnoll sergeant/+0 spear (12)]
  4220 | D:5      | Slain by a gnoll sergeant

Illustrated notes

Levels and vault maps discovered:
D:1:      dpeg_arrival_rooms_b, layout_rooms
D:2:      layout_rooms, kiku_gazebo_pond_becter, lemuel_crystal_altar,
          nicolae_gozag_cash_rules_everything_around_me, uniq_crazy_yiuf_cottage
D:3:      layout_loops_cross, nzn_hepliaklqana_mist_gate
D:4:      layout_basic, marbit_many_paths, kennysheep_mini,
          minmay_temple_entry_arrows, uniq_natasha
D:5:      layout_cave_pools, serial_gnoll_camp, gnoll_camp_mini_basic,
          gnoll_camp_mini_house, gnoll_camp_mini_shop, gnoll_camp_mini_shop,
          gnoll_camp_medium_02, gnoll_camp_mini_doghouse, uniq_edmund
Temple:   minmay_temple_bridge_abc

Skill      XL: |  1  2  3  4  5  6 |
---------------+-------------------+-----
Dodging        | 3 4 |  4.6
Armour         | 1 2 3 |  3.5
Long Blades    | 3 4 |  4.6
Fighting       | 3 |  3.7
Throwing       | |  1.7

Action                   |  1- 3 |  4- 6 |  7- 9 || total
-------------------------+-------+-------+-------++-------
Melee: Long sword        |    94 |   149 |    58 ||   301
Throw: Throwing net      |       |       |     5 ||     5
Evoke: Wand              |       |     2 |       ||     2
  Use: Scroll            |     4 |     6 |       ||    10
       Potion            |       |       |     4 ||     4
 Stab: Held in net/web   |       |       |     2 ||     2
Armor: Leather armour    |    29 |    43 |    16 ||    88
Dodge: Dodged            |    66 |   104 |    49 ||   219
       Rpst.: Long sword |    24 |    35 |    14 ||    73
